 Dungeon Crawl Stone Soup version 0.23-a0-305-g7ffd15e (webtiles) character file.

197761 George the Tortoise (level 17, -4/142 HPs)
             Began as a Minotaur Fighter on Oct 9, 2018.
             Was the Champion of Okawaru.
             Killed by the air
             ... invoked by a blizzard demon
              (25 damage)
             ... in an ice cave.
             The game lasted 01:16:36 (26987 turns).

George the Tortoise (Minotaur Fighter)             Turns: 26987, Time: 01:16:37

Health: -4/142     AC: 23    Str: 29    XL:     17   Next: 79%
Magic:  23/23      EV: 16    Int:  7    God:    Okawaru [******]
Gold:   1977       SH: 22    Dex: 15    Spells: 16/16 levels left

rFire    + + +     SeeInvis .   o - +4 double sword "Xuif" {slice, rElec rF+}
rCold    + . .     Gourm    .   V - +0 large shield
rNeg     + + .     Faith    .   G - +2 chain mail {rF+}
rPois    +         Spirit   .   M - +0 hat of Feasting {rN+ Regen+ Int-2 Dex+2}
rElec    +         Reflect  .   J - scarf {rC+ rF+}
rCorr    .         Harm     .   w - +2 pair of gloves {archery}
MR       +....                  A - +2 pair of boots {Fly}
Stlth    ..........             N - amulet of regeneration
HPRegen  1.13/turn              E - ring of poison resistance
MPRegen  0.18/turn              T - ring "Mahoa" {+Blink rN+ Str+4 Int+4}

@: flying
A: retaliatory headbutt, horns 2, frail 1
}: 1/15 runes: decaying
a: Heroism, Finesse, Renounce Religion, Evoke Blink, Stop Flying


You were in an ice cave.
You worshipped Okawaru.
Okawaru was exalted by your worship.
You were not hungry.

You visited 6 branches of the dungeon, and saw 31 of its levels.
You also visited: Sewer, Ossuary, Ice Cave and Volcano.

You collected 2641 gold pieces.
You spent 664 gold pieces at shops.

Inventory:

Hand Weapons
 o - the +4 double sword "Xuif" (weapon) {slice, rElec rF+}
   (Okawaru gifted it to you on level 6 of the Lair of Beasts)

   It inflicts extra damage upon your enemies.
   It protects you from fire.
   It insulates you from electricity.
 O - a +2 scimitar of flaming
Missiles
 a - 27 needles of confusion
 c - 2 needles of frenzy
 r - 86 poisoned needles
 s - 3 throwing nets
 y - 21 javelins (quivered)
 H - 10 needles of sleeping
Armour
 w - a +2 pair of gloves of archery (worn)
 A - a +2 pair of boots of flying (worn)
 G - a +2 chain mail of fire resistance (worn)
 J - a scarf of resistance (worn)
 M - the +0 hat of Feasting (worn) {rN+ Regen+ Int-2 Dex+2}
   (Okawaru gifted it to you on level 3 of the Lair of Beasts)

   It affects your intelligence (-2).
   It affects your dexterity (+2).
   It protects you from negative energy.
   It increases your rate of regeneration.
 V - a +0 large shield (worn)
 Z - a +3 chain mail of positive energy
Jewellery
 E - a ring of poison resistance (left hand)
 F - an uncursed ring of see invisible
 N - an amulet of regeneration (around neck)
 T - the ring "Mahoa" (right hand) {+Blink rN+ Str+4 Int+4}
   (You found it on level 10 of the Dungeon)

   [ring of positive energy]

   It affects your strength (+4).
   It affects your intelligence (+4).
   It protects you from negative energy.
   It lets you blink.
Wands
 k - a wand of paralysis (27)
 D - a wand of acid (30)
 K - a wand of iceblast (24)
 S - a wand of disintegration (2)
 X - a wand of digging (13)
Scrolls
 b - 10 scrolls of enchant armour
 e - 2 scrolls of brand weapon
 g - 23 scrolls of teleportation
 l - 5 scrolls of immolation
 n - 3 scrolls of magic mapping
 q - 4 scrolls of blinking
 v - 5 scrolls of enchant weapon
 x - 2 scrolls of holy word
 z - 4 scrolls of identify
 L - 2 scrolls of fear
 P - 6 scrolls of remove curse
 Q - 2 scrolls of acquirement
 R - 2 scrolls of fog
 U - a scroll of summoning
 Y - a scroll of silence
Potions
 d - 3 potions of might
 h - 3 potions of mutation
 i - 18 potions of curing
 j - 5 potions of magic
 p - 7 potions of heal wounds
 t - 3 potions of invisibility
 u - 2 potions of resistance
 B - 2 potions of cancellation
 C - 5 potions of agility
 I - 7 potions of haste
Miscellaneous
 W - a fan of gales
Comestibles
 f - 57 rations


   Skills:
 + Level 15.9 Fighting
 - Level 14.0 Long Blades
 - Level 8.0 Throwing
 + Level 16.0 Armour
 + Level 14.4 Dodging
 + Level 15.9 Shields
 - Level 10.0 Invocations
 - Level 8.0 Evocations


You had 16 spell levels left.
You didn't know any spells.
Your spell library contained the following spells:

 Spells                   Type           Power        Failure   Level  Hunger
 Animate Skeleton         Necr           N/A          99%         1    ##.....
 Apportation              Tloc           #.....       99%         1    ##.....
 Confusing Touch          Hex            #.....       99%         1    ##.....
 Magic Dart               Conj           #...         99%         1    ##.....
 Summon Butterflies       Summ           #.......     99%         1    ##.....
 Summon Small Mammal      Summ           #...         99%         1    ##.....
 Blink                    Tloc           N/A          100%        2    ###....
 Call Imp                 Summ           #.......     100%        2    ###....
 Corpse Rot               Necr           N/A          100%        2    ###....
 Passwall                 Tmut/Erth      #.......     100%        2    ###....
 Shroud of Golubria       Chrm/Tloc      #.........   100%        2    ###....
 Slow                     Hex            #.......     100%        2    ###....
 Swiftness                Chrm/Air       #.......     100%        2    ###....
 Call Canine Familiar     Summ           #.......     100%        3    ####...
 Conjure Flame            Conj/Fire      #.......     100%        3    ####...
 Gell's Gravitas          Tloc           #.........   100%        3    ####...
 Lesser Beckoning         Tloc           #.........   100%        3    ####...
 Mephitic Cloud           Conj/Pois/Air  #.......     100%        3    ####...
 Spider Form              Tmut/Pois      #.........   100%        3    ####...
 Stone Arrow              Conj/Erth      #.....       100%        3    ####...
 Summon Guardian Golem    Hex/Summ       #.......     100%        3    ####...
 Teleport Other           Tloc           #.......     100%        3    ####...
 Cause Fear               Hex            #.........   100%        4    #####..
 Leda's Liquefaction      Hex/Erth       #.........   100%        4    #####..
 Passage of Golubria      Tloc           N/A          100%        4    #####..
 Summon Ice Beast         Ice/Summ       #.......     100%        4    #####..
 Summon Lightning Spire   Summ/Air       #.......     100%        4    #####..
 Irradiate                Conj/Tmut      #.........   100%        5    ######.
 Lee's Rapid Deconstruct  Erth           #.........   100%        5    ######.
 Silence                  Hex/Air        #.........   100%        5    ######.
 Summon Forest            Summ/Tloc      #.........   100%        5    ######.
 Yara's Violent Unravell  Hex/Tmut       #.........   100%        5    ######.
 Darkness                 Hex            #.........   100%        6    #######
 Deflect Missiles         Chrm/Air       #.........   100%        6    #######
 Hydra Form               Tmut           #.........   100%        6    #######
 Invisibility             Hex            #.......     100%        6    #######
 Statue Form              Tmut/Erth      #........    100%        6    #######
 Dragon Form              Tmut           #.........   100%        7    #######
 Summon Hydra             Summ           #.........   100%        7    #######
 Discord                  Hex            #.........   100%        8    #######


Dungeon Overview and Level Annotations

Branches:
Dungeon (15/15)            Temple (1/1) D:5            Lair (6/6) D:11
  Swamp (4/4) Lair:3        Snake (3/4) Lair:3        Slime (0/5) Lair:6
    Orc (2/2) D:12            Elf (0/3) Orc:2        Vaults (0/5) D:13
 Depths (0/5) D:15

Altars:
Ashenzari
Cheibriados
Dithmenos
Elyvilon
Fedhas
Gozag
Hepliaklqana
Kikubaaqudgha
Makhleb
Nemelex Xobeh
Okawaru
Qazlal
Ru
Sif Muna
Trog
Uskayaw
Vehumet
Wu Jian
Xom
Yredelemnul
Zin
The Shining One

Shops:
D:5 [   D:14 %   D:15 **   Orc:2 }%(%   Snake:2 %?[*:

Portals:
Pandemonium: Orc:2

Annotations:
Lair:3 exclusion: 2 oklob plants


Innate Abilities, Weirdness & Mutations

You reflexively headbutt those who attack you in melee.
You have a pair of horns on your head.
You are frail. (-10% HP)


Message History

The blizzard demon completely misses you.
You furiously retaliate!
You headbutt the blizzard demon!
The blizzard demon hits you but does no damage.
You hit the blizzard demon.
The blizzard demon is heavily wounded.
You are engulfed in freezing vapours.
You resist.
* * * LOW HITPOINT WARNING * * *
The blizzard demon is engulfed in freezing vapours.
The blizzard demon gestures at you. The bolt of lightning hits you! You resist.
* * * LOW HITPOINT WARNING * * *
The bolt of lightning hits you! You resist.
* * * LOW HITPOINT WARNING * * *
You slash the blizzard demon!
The blizzard demon is almost dead.
You are engulfed in freezing vapours.
You resist.
* * * LOW HITPOINT WARNING * * *
The blizzard demon waves its arms in wide circles.
The air twists around and violently strikes you in flight!
You die...

#.#.'.......'.#.#
#'######'######'#
#..........§§...#
####..#####§8####
##.#?!!#§##
#.#§§?#.#
#.#§§§#§#
#.##§##.#
#..§2@..#
####8#### ###


You could see a blizzard demon.

Vanquished Creatures
  Rupert (Lair:3)
  Gastronok (D:9)
  The ghost of Vuydghur the Devastator, an adept DrCj of Ashenzari (Lair:4)
  A thorn hunter (Swamp:2)
  A nagaraja (Snake:2)
  Roxanne (Swamp:4)
  A minotaur (Lair:4)
  6 dire elephants (Lair:6)
  A blizzard demon (IceCv)
  A yaktaur captain (D:15)
  3 ogre magi
  32 hydras
  2 shambling mangroves
  2 naga warriors
  5 centaur warriors
  A dancing weapon (Volcano)
  11 two-headed ogres
  5 anacondas
  21 death yaks
  12 alligators
  A naga sharpshooter (Snake:1)
  7 orc high priests
  Nergalle (Lair:2)
  4 shock serpents (Snake:2)
  2 sixfirhies (Orc:2)
  2 salamander mystics (Snake:2)
  An unseen horror (D:14)
  2 sea snakes (Snake:1)
  A naga ritualist (Snake:1)
  3 spriggan druids (Swamp:4)
  5 wizards (Volcano)
  11 swamp dragons
  3 torturous demonspawn (Orc:2)
  8 orc knights
  A lindwurm (Lair:5)
  3 mana vipers
  The ghost of Multipenetrator the Bolt Thrower, a novice HOHu of Beogh (D:7)
  4 ugly things
  A deep elf mage (D:14)
  6 orc sorcerers
  2 manticores (D:14)
  8 salamanders
  Maurice (D:8)
  10 elephants
  2 rust devils (Orc:2)
  4 cyclopes
  5 naga magi
  5 toenail golems (Volcano)
  2 centaur zombies
  3 ice statues (IceCv)
  A guardian serpent (Snake:1)
  18 black mambas
  2 gargoyles
  A kobold demonologist (D:15)
  18 spiny frogs
  2 rime drakes
  A yaktaur (D:15)
  2 anaconda simulacra (IceCv)
  2 efreet
  10 ice devils
  4 komodo dragons
  6 meliai
  2 tengu conjurers (D:15)
  A harpy zombie (D:15)
  8 trolls
  A troll (shapeshifter) (D:14)
  A hornet (Swamp:2)
  Grinder (D:3)
  A polar bear (Lair:4)
  19 slime creatures
  5 tyrant leeches
  10 blink frogs
  A meliai zombie (D:13)
  11 hippogriffs
  7 bog bodies
  A spriggan (Swamp:2)
  3 dire elephant simulacra (IceCv)
  6 wraiths
  43 yaks
  9 wyverns
  A shadow (Swamp:2)
  A fire elemental (Lair:4)
  The ghost of eyesofgods1 the Skirmisher, an amateur FoFi of Makhleb (D:5)
  5 basilisks
  3 fire bats (Lair:4)
  3 hungry ghosts
  10 vampire mosquitoes
  A neqoxec (Orc:2)
  A steam dragon (D:14)
  Menkaure (Ossuary)
  2 harpy simulacra (IceCv)
  8 insubstantial wisps
  3 wargs
  12 nagas
  13 swamp worms
  2 acid dragons
  3 hydra simulacra (IceCv)
  13 water moccasins
  11 porcupines
  6 ice beasts
  37 orc warriors
  2 sky beasts
  16 swamp drakes
  4 black bears
  20 ogres
  A necrophage (D:10)
  2 eyes of draining (D:14)
  11 centaurs
  14 crocodiles
  An elf zombie (D:8)
  Blork the orc (D:4)
  A spectral wyvern (D:7)
  3 big kobolds
  11 bullfrogs
  2 water moccasin skeletons
  7 scorpions
  14 killer bees
  A howler monkey (D:8)
  2 wights (D:8)
  2 electric eels (Lair:4)
  8 crimson imps
  2 bullfrog zombies
  5 hounds
  A quasit (D:6)
  3 human zombies (D:8)
  17 jellies
  17 orc wizards
  36 orc priests
  6 centaur skeletons
  2 bullfrog skeletons
  Natasha (thrice) (D:4)
  A human skeleton (D:8)
  6 iguanas
  5 worker ants
  3 hound skeletons
  A hound zombie (D:11)
  6 mummies
  A howler monkey zombie (D:11)
  10 gnolls
  17 adders
  4 shadow imps
  An adder skeleton (D:4)
  5 worms
  7 dart slugs
  10 leopard geckos
  93 orcs
  2 ball pythons (Sewer)
  17 giant cockroaches
  5 gnoll zombies (Ossuary)
  11 goblins
  9 hobgoblins
  4 jackals
  4 quokkas
  6 bats
  10 frilled lizards
  4 gnoll skeletons (Ossuary)
  3 goblin skeletons (Ossuary)
  6 goblin zombies (Ossuary)
  2 hobgoblin skeletons (Ossuary)
  4 hobgoblin zombies (Ossuary)
  A jackal skeleton (D:4)
  A jackal zombie (D:5)
  25 kobolds
  3 kobold skeletons (Ossuary)
  2 leopard gecko skeletons
  2 orc skeletons (Ossuary)
  2 orc zombies (Ossuary)
  12 rats
  2 rat skeletons (Ossuary)
  5 rat zombies (Ossuary)
  2 briar patches (Swamp:2)
  2 plants (Lair:6)
1083 creatures vanquished.

Vanquished Creatures (others)
  An ugly thing (D:15)
  3 goblin skeletons (Ossuary)
  A goblin zombie (Ossuary)
  3 hobgoblin skeletons (Ossuary)
  2 hobgoblin zombies (Ossuary)
  A kobold skeleton (Ossuary)
  An orc skeleton (Ossuary)
  A rat skeleton (Ossuary)
  6 fungi
  2 plants (Lair:6)
21 creatures vanquished.

Grand Total: 1104 creatures vanquished

Notes
Turn   | Place    | Note
-------+----------+-------------------------------------------
     0 | D:1      | George the Minotaur Fighter began the quest for the Orb.
     0 | D:1      | Reached XP level 1. HP: 19/19 MP: 0/0
   101 | D:1      | Reached XP level 2. HP: 26/26 MP: 1/1
   609 | D:1      | Reached XP level 3. HP: 31/31 MP: 2/2
  1253 | D:2      | Reached skill level 5 in Long Blades
  1282 | D:2      | Reached XP level 4. HP: 28/39 MP: 3/3
  1761 | D:3      | Noticed Grinder
  1761 | D:3      | Paralysed by Grinder for 5 turns
  1770 | D:3      | Reached XP level 5. HP: 45/45 MP: 4/4
  1774 | D:3      | Paralysed by Grinder for 4 turns
  1779 | D:3      | Paralysed by Grinder for 3 turns
  1786 | D:3      | Killed Grinder
  1786 | D:3      | Reached XP level 6. HP: 33/51 MP: 5/5
  1954 | D:3      | Found a radiant altar of Vehumet.
  2124 | D:4      | Found an iron altar of Okawaru.
  2134 | D:4      | Found a glowing drain.
  2135 | D:4      | Became a worshipper of Warmaster Okawaru
  2165 | Sewer    | Entered a sewer
  2429 | Sewer    | Reached skill level 1 in Dodging
  2736 | D:4      | Reached XP level 7. HP: 44/59 MP: 6/6
  2740 | D:4      | Reached skill level 4 in Armour
  2740 | D:4      | Reached skill level 1 in Invocations
  2916 | D:4      | Reached * piety under Okawaru
  3518 | D:4      | Noticed Blork the orc
  3531 | D:4      | Noticed Natasha
  3538 | D:4      | Killed Blork the orc
  3538 | D:4      | Reached XP level 8. HP: 67/67 MP: 8/8
  3553 | D:4      | Killed Natasha
  3664 | D:4      | Noticed Natasha
  3669 | D:4      | Killed Natasha
  3772 | D:4      | Noticed Natasha
  3782 | D:4      | Killed Natasha
  3782 | D:4      | Reached skill level 5 in Fighting
  3782 | D:4      | Reached skill level 5 in Shields
  3866 | D:5      | Entered Level 5 of the Dungeon
  3881 | D:5      | Reached skill level 5 in Armour
  3882 | D:5      | Found a staircase to the Ecumenical Temple.
  3914 | D:5      | Found Zunaal's Antique Armour Boutique.
  3957 | D:5      | Found a sand-covered staircase.
  3968 | Ossuary  | Entered an ossuary
  4222 | Ossuary  | Noticed Menkaure
  4224 | Ossuary  | Killed Menkaure
  4224 | Ossuary  | Reached ** piety under Okawaru
  4272 | D:5      | Found a transporter.
  4275 | D:5      | Found a transporter.
  4275 | D:5      | Noticed eyesofgods1's ghost (amateur FoFi)
  4430 | D:5      | Found a blossoming altar of Fedhas.
  5012 | D:5      | Killed eyesofgods1's ghost
  5081 | Temple   | Entered the Ecumenical Temple
  5332 | D:5      | Bought a pair of runed gloves for 165 gold pieces
  5481 | D:6      | Found a snail-covered altar of Cheibriados.
  5977 | D:6      | Found a bloodstained altar of Trog.
  5977 | D:6      | Found a hide-covered altar of Uskayaw.
  6001 | D:7      | Found a deep blue altar of Sif Muna.
  6063 | D:7      | Reached skill level 6 in Armour
  6063 | D:7      | Reached XP level 9. HP: 38/75 MP: 10/10
  6173 | D:7      | Reached *** piety under Okawaru
  6739 | D:7      | Found a runed gate.
  6739 | D:7      | Found a runed gate.
  6739 | D:7      | Found a runed gate.
  6739 | D:7      | Noticed Multipenetrator's ghost (novice HOHu)
  6853 | D:7      | Found a white marble altar of Elyvilon.
  7376 | D:7      | Killed Multipenetrator's ghost
  7376 | D:7      | Reached **** piety under Okawaru
  7376 | D:7      | Reached skill level 10 in Long Blades
  7376 | D:7      | Reached skill level 5 in Dodging
  7437 | D:8      | Reached skill level 7 in Armour
  7457 | D:8      | Noticed a two-headed ogre
  7462 | D:8      | Killed a two-headed ogre
  7462 | D:8      | Received a gift from Okawaru
  7462 | D:8      | Reached skill level 5 in Invocations
  7462 | D:8      | Reached XP level 10. HP: 77/86 MP: 12/12
  7545 | D:8      | Reached ***** piety under Okawaru
  7561 | D:8      | Received a gift from Okawaru
  7646 | D:8      | Noticed Maurice
  7657 | D:8      | Killed Maurice
  7660 | D:8      | Reached skill level 8 in Armour
  7702 | D:8      | Found an ancient bone altar of Kikubaaqudgha.
  7850 | D:8      | Noticed a moth of wrath
  7852 | D:8      | Found a bloodstained altar of Trog.
  7902 | D:8      | Received a gift from Okawaru
  7994 | D:8      | Found a glowing golden altar of the Shining One.
  7994 | D:8      | Found an opulent altar of Gozag.
  8225 | D:9      | Reached XP level 11. HP: 67/95 MP: 14/14
  8319 | D:9      | Noticed Gastronok
  8348 | D:9      | Killed Gastronok
  8348 | D:9      | Reached skill level 9 in Armour
  8730 | D:9      | Found a glowing silver altar of Zin.
  8798 | D:9      | Got an ancient rapier
  8799 | D:9      | Identified the +4 rapier "Zucvooss" {venom, rF+ MR+ Str+3
                  | SInv} (You found it on level 9 of the Dungeon)
  8805 | D:10     | Entered Level 10 of the Dungeon
  9295 | D:10     | Got an ancient silver ring
  9895 | D:11     | Noticed a green ugly thing
  9911 | D:11     | Killed a green ugly thing
  9919 | D:11     | Noticed a two-headed ogre
  9925 | D:11     | Killed a two-headed ogre
  9988 | D:11     | Noticed a death yak
  9991 | D:11     | Noticed a death yak
  9992 | D:11     | Noticed a death yak
 10002 | D:11     | Noticed a death yak
 10003 | D:11     | Noticed a death yak
 10004 | D:11     | Killed a death yak
 10004 | D:11     | Reached ****** piety under Okawaru
 10018 | D:11     | Killed a death yak
 10018 | D:11     | Reached XP level 12. HP: 75/105 MP: 9/16
 10026 | D:11     | Killed a death yak
 10042 | D:11     | Killed a death yak
 10042 | D:11     | Received a gift from Okawaru
 10042 | D:11     | Reached skill level 10 in Armour
 10053 | D:11     | Killed a death yak
 10053 | D:11     | Reached skill level 10 in Fighting
 10053 | D:11     | Reached skill level 10 in Shields
 10213 | D:11     | Found a staircase to the Lair.
 10496 | D:11     | Identified the ring "Mahoa" {+Blink rN+ Str+4 Int+4} (You
                  | found it on level 10 of the Dungeon)
 10532 | D:12     | Noticed a two-headed ogre
 10538 | D:12     | Killed a two-headed ogre
 10802 | D:12     | Found a hazy altar of Hepliaklqana.
 10819 | D:12     | Found a staircase to the Orcish Mines.
 11105 | Lair:1   | Entered Level 1 of the Lair of Beasts
 11180 | Lair:1   | Noticed a five-headed hydra
 11188 | Lair:1   | Killed a five-headed hydra
 11295 | Lair:1   | Noticed a five-headed hydra
 11308 | Lair:1   | Killed a five-headed hydra
 11480 | Lair:1   | Noticed a five-headed hydra
 11493 | Lair:1   | Killed a five-headed hydra
 11493 | Lair:1   | Received a gift from Okawaru
 12026 | Lair:2   | Reached skill level 11 in Armour
 12200 | Lair:2   | Reached XP level 13. HP: 102/114 MP: 18/18
 12277 | Lair:2   | Noticed Nergalle
 12288 | Lair:2   | Killed Nergalle
 12435 | Lair:2   | Received a gift from Okawaru
 12436 | Lair:2   | Got a faintly glowing broad axe {god gift}
 12775 | Lair:3   | Found a staircase to the Snake Pit.
 12804 | Lair:3   | Found a staircase to the Swamp.
 13030 | Lair:3   | Reached skill level 10 in Dodging
 13069 | Lair:3   | Received a gift from Okawaru
 13110 | Lair:3   | Got a blackened hat {god gift}
 13121 | Lair:3   | Identified the +0 hat of Feasting {rN+ Regen+ Int-2 Dex+2}
                  | (Okawaru gifted it to you on level 3 of the Lair of Beasts)
 13362 | Lair:3   | Noticed Rupert
 13373 | Lair:3   | Killed Rupert
 13612 | Lair:4   | Reached skill level 12 in Armour
 13654 | Lair:4   | Found a dark tunnel.
 13663 | Volcano  | Entered a volcano
 13701 | Volcano  | Reached XP level 14. HP: 125/125 MP: 20/20
 13772 | Volcano  | Received a gift from Okawaru
 13855 | Volcano  | Reached skill level 10 in Invocations
 14508 | Lair:4   | Noticed Vuydghur's ghost (adept DrCj)
 14566 | Lair:4   | Found a runed gate.
 14567 | Lair:4   | Found a runed gate.
 14568 | Lair:4   | Found a runed gate.
 14857 | Lair:4   | Killed Vuydghur's ghost
 15079 | Lair:5   | Reached skill level 13 in Armour
 15133 | Lair:5   | Received a gift from Okawaru
 15599 | Lair:6   | Entered Level 6 of the Lair of Beasts
 15713 | Lair:6   | Received a gift from Okawaru
 15748 | Lair:6   | Got a faintly glowing double sword {god gift}
 15751 | Lair:6   | Identified the +4 double sword "Xuif" {slice, rElec rF+}
                  | (Okawaru gifted it to you on level 6 of the Lair of Beasts)
 15854 | Lair:6   | Found a staircase to the Slime Pits.
 15912 | Lair:6   | Reached skill level 1 in Throwing
 15912 | Lair:6   | Reached skill level 1 in Evocations
 16685 | Lair:6   | Reached XP level 15. HP: 110/135 MP: 21/21
 16692 | Lair:6   | Received a gift from Okawaru
 16693 | Lair:6   | Got a dazzling scimitar {god gift}
 16694 | Lair:6   | Identified the +6 scimitar of Plague {elec, Int+2} (Okawaru
                  | gifted it to you on level 6 of the Lair of Beasts)
 17060 | Orc:1    | Entered Level 1 of the Orcish Mines
 17099 | D:12     | HP: 5/135 [orc knight/dire flail (19)]
 17538 | Orc:2    | Entered Level 2 of the Orcish Mines
 17693 | Orc:2    | Found Lywof's Food Emporium.
 17694 | Orc:2    | Found Alotazxie's Food Shoppe.
 17948 | Orc:2    | Found a radiant altar of Vehumet.
 18046 | Orc:2    | Found a staircase to the Elven Halls.
 18229 | Orc:2    | Found a deep blue altar of Sif Muna.
 18252 | Orc:2    | Identified Sif Muna's Guide on Creation
 18506 | Orc:2    | Gained mutation: Your body sometimes deteriorates upon
                  | taking damage. [a neqoxec]
 18507 | Orc:2    | Gained mutation: Your spells are a little easier to cast,
                  | but a little less powerful. [a neqoxec]
 18546 | Orc:2    | Gained mutation: You tend to lose your temper in combat. [a
                  | neqoxec]
 18556 | Orc:2    | Received a gift from Okawaru
 18558 | Orc:2    | Reached skill level 14 in Armour
 18707 | Orc:2    | Found Lufewn's Antique Weapon Boutique.
 18707 | Orc:2    | Found Ciner's Gadget Shop.
 18707 | Orc:2    | Found a one-way gate leading to the halls of Pandemonium.
 18916 | Orc:2    | Found Lufewn's Antique Weapon Boutique.
 18916 | Orc:2    | Found Ciner's Gadget Shop.
 18917 | Orc:2    | Found a one-way gate leading to the halls of Pandemonium.
 18943 | Orc:2    | Found Lywof's Food Emporium.
 18945 | Orc:2    | Found Alotazxie's Food Shoppe.
 19063 | Orc:2    | Found a deep blue altar of Sif Muna.
 19175 | Orc:2    | Found a radiant altar of Vehumet.
 19445 | Orc:2    | Found a staircase to the Elven Halls.
 19516 | Orc:2    | Identified a scroll of acquirement
 19517 | Orc:2    | Got a slimy copper amulet
 19519 | Orc:2    | Identified the amulet of Huodoot {Acrobat *Corrode MR++}
                  | (You acquired it on level 2 of the Orcish Mines)
 19663 | D:13     | Found a gate to the Vaults.
 19828 | D:13     | Got a pair of warped gloves
 19839 | D:13     | Identified the +1 pair of gloves "Vocemel" {rElec rCorr
                  | Slay-5 SInv} (You found it on level 13 of the Dungeon)
 20290 | D:14     | Reached skill level 5 in Throwing
 20408 | D:14     | Lost mutation: You tend to lose your temper in combat.
                  | [potion of mutation]
 20408 | D:14     | Lost mutation: Your spells are a little easier to cast, but
                  | a little less powerful. [potion of mutation]
 20408 | D:14     | Lost mutation: Your body sometimes deteriorates upon taking
                  | damage. [potion of mutation]
 20408 | D:14     | Gained mutation: You tend to lose your temper in combat.
                  | [potion of mutation]
 20408 | D:14     | Gained mutation: You are frail. (-10% HP) [potion of
                  | mutation]
 20408 | D:14     | Lost mutation: You tend to lose your temper in combat.
                  | [potion of mutation]
 20565 | D:14     | Found Kierr's Food Shoppe.
 20641 | D:14     | Reached XP level 16. HP: 125/131 MP: 22/22
 21094 | D:15     | Entered Level 15 of the Dungeon
 21114 | D:15     | Reached skill level 5 in Evocations
 21152 | D:15     | Received a gift from Okawaru
 21542 | D:15     | Found Deasureh's General Store.
 21545 | D:15     | Found Paty's General Store.
 21892 | D:15     | Found a staircase to the Depths.
 22148 | Swamp:1  | Entered Level 1 of the Swamp
 22914 | Swamp:2  | Noticed a thorn hunter
 22927 | Swamp:2  | Killed a thorn hunter
 23616 | Swamp:3  | Reached skill level 15 in Armour
 23625 | Swamp:3  | Received a gift from Okawaru
 23810 | Swamp:3  | Reached skill level 15 in Shields
 23953 | Swamp:3  | Reached skill level 15 in Fighting
 24263 | Swamp:4  | Entered Level 4 of the Swamp
 24368 | Swamp:4  | Received a gift from Okawaru
 24462 | Swamp:4  | Noticed Roxanne
 24569 | Swamp:4  | Reached XP level 17. HP: 140/140 MP: 23/23
 24888 | Swamp:4  | Got a decaying rune of Zot
 25088 | Swamp:4  | Killed Roxanne
 25089 | Swamp:4  | Identified Roxanne's Guide on Transmigration (You took it
                  | off Roxanne on level 4 of the Swamp)
 25239 | Snake:1  | Entered Level 1 of the Snake Pit
 25621 | Snake:1  | Received a gift from Okawaru
 25856 | Snake:2  | Found Ritog's Magic Scroll Emporium.
 25866 | Snake:2  | Bought a scroll of teleportation for 33 gold pieces
 25866 | Snake:2  | Bought a scroll of teleportation for 33 gold pieces
 25866 | Snake:2  | Bought a scroll of blinking for 82 gold pieces
 25866 | Snake:2  | Bought a scroll of teleportation for 33 gold pieces
 25866 | Snake:2  | Bought a scroll of teleportation for 33 gold pieces
 25952 | Snake:2  | Received a gift from Okawaru
 25984 | Snake:2  | Found Posemob's Armour Emporium.
 25986 | Snake:2  | Found Ydoid's Book Shoppe.
 25986 | Snake:2  | Found Areudgh's Food Emporium.
 25991 | Snake:2  | Found Bushred's General Store.
 26303 | Snake:2  | Received a gift from Okawaru
 26528 | Snake:2  | Bought a potion of haste for 190 gold pieces
 26528 | Snake:2  | Bought a potion of heal wounds for 95 gold pieces
 26588 | Snake:3  | Found a frozen archway.
 26605 | IceCv    | Entered an ice cave
 26664 | IceCv    | Received a gift from Okawaru
 26747 | IceCv    | Reached skill level 16 in Armour
 26987 | IceCv    | Killed from afar by a blizzard demon

Vault maps used:
D:1:      dpeg_arrival_short_road
D:2:      first_ration, wad_orctagon
D:3:      old_standard_altar, grunt_decor_one_mirror, serial_park_tiny_2,
          uniq_grinder
D:4:      okawaru_metal_pillars_1_2, gup_sewer_entry_glass,
          guppyfry_early_lair_pool, uniq_natasha, uniq_blork_the_orc
D:5:      fedhas_altar_4, minmay_temple_entry_grid, serial_glass,
          glass_columns_a, glass_columns_a, gup_ossuary_entry_pyramid,
          serial_shops, shop, gammafunk_ghost_arena
D:6:      slow_altar_1, gammafunk_temple_overflow_elements, dk_vineyard_3,
          uniq_menkaure
D:7:      nicolae_overflow_crystal_walls, gammafunk_ghost_necromancy,
          david_defended_altar_elf
D:8:      lemuel_mausoleum_altar_kikubaaqudgha, gammafunk_temple_overflow_wave,
          tgw_trog, uniq_maurice
D:9:      zin_scriptorium, uniq_gastronok
D:11:     dpeg_lair_monsters
D:12:     orc_0_dummy, special_room, basic_altar
D:13:     david_vaults_2
D:14:     kennysheep_doodads, serial_shops, shop
D:15:     grunt_enter_depths_snipers, serial_shops, shop_fountains,
          nicolae_shop_window_shopping, nrook_mini_backslash
Temple:   minmay_temple_curvy_loop
Lair:1:   st_stairs_7, grunt_megastairs_5
Lair:2:   lemuel_fruit_tree, grunt_megastairs_4, uniq_nergalle
Lair:3:   minmay_swamp_entry_reptiles, guppyfry_snake_entry_island,
          infiniplex_staircase_pool_2, minmay_lair_oklob_chamber, uniq_rupert
Lair:4:   maelrawn_ghost_labyrinth_escape, nicolae_volcano_entry_batcave,
          beast_lair_carwin_7
Lair:5:   lemuel_fruit_fields
Lair:6:   due_jungle_book, minmay_slime_entry_jelly_boxes
Swamp:1:  evilmike_swamp_ruin_house_3
Swamp:2:  evilmike_swamp_ruin_house_1, swamp_pool1
Swamp:3:  nicolae_swamp_feature_on_the_river_bank, infiniplex_staircase_pool
Swamp:4:  swamp, swamp_pool4, uniq_roxanne
Snake:1:  serial_bayou_shore_a
Snake:2:  serial_shops, shop, basic_loot_grate_trap, grunt_megastairs_2,
          minmay_shoptagon
Snake:3:  portal_ice_cave_entry_pillars_1, serial_shops, shop,
          nicolae_snake_serpentine_hallways
Orc:2:    pf_orc_diabolical, basic_altar, led_sif_book
Sewer:    sewer_frog_island_01
Ossuary:  ossuary_due_pyramid
IceCv:    ice_cave_tombish
Volcano:  volcano_bunker

Skill      XL: |  1  2  3  4  5  6  7  8  9 10 11 12 13 14 15 16 17 |
---------------+----------------------------------------------------+-----
Long Blades    | 3 4 5 6 8 9 10 11 12 13 14 | 14.0
Dodging        | 1 2 4 5 6 8 9 10 11 12 13 14 | 14.4
Fighting       | 4 5 7 8 9 10 12 13 14 15 | 15.9
Shields        | 4 6 7 8 9 10 12 13 14 15 | 15.9
Armour         | 4 6 7 8 9 11 12 13 14 15 16 | 16.0
Invocations    | 2 3 5 6 7 8 9 10 | 10.0
Throwing       | 2 5 7 8 |  8.0
Evocations     | 1 4 6 8 |  8.0

Action                   |  1- 3 |  4- 6 |  7- 9 | 10-12 | 13-15 | 16-18 || total
-------------------------+-------+-------+-------+-------+-------+-------++-------
Melee: Long sword        |   106 |   198 |   127 |       |       |       ||   431
       Headbutt          |    14 |    33 |    76 |   152 |   421 |   355 ||  1051
       Scimitar          |       |       |   315 |   631 |    24 |   138 ||  1108
       Demon blade       |       |       |       |    43 |   574 |       ||   617
       Rapier            |       |       |       |    25 |    35 |       ||    60
       Double sword      |       |       |       |       |   574 |   866 ||  1440
Throw: Javelin           |       |     2 |       |       |       |       ||     2
Invok: Heroism           |       |       |     1 |     1 |     6 |     3 ||    11
       Finesse           |       |       |       |     1 |     5 |     2 ||     8
 Abil: Evoke Flight      |       |       |       |       |     1 |       ||     1
Evoke: Wand              |       |       |       |       |       |     1 ||     1
  Use: Scroll            |       |       |    22 |     6 |     8 |     8 ||    44
       Potion            |       |       |       |       |     2 |       ||     2
  Eat: Chunk             |     1 |     5 |    13 |    17 |    25 |    17 ||    78
       Ration            |       |       |     1 |       |     1 |     2 ||     4
Armor: Scale mail        |     7 |       |    16 |       |       |       ||    23
       Chain mail        |    22 |       |       |    44 |   385 |   271 ||   722
       Plate armour      |    27 |   117 |   151 |   172 |       |       ||   467
       Skin              |       |       |    10 |       |       |       ||    10
Dodge: Dodged            |    20 |    19 |    84 |   157 |   468 |   377 ||  1125
Block: Shield            |    44 |   105 |   206 |   389 |   774 |   426 ||  1944
       Large shield      |       |       |       |       |       |   347 ||   347
       Rpst.: Long sword |     4 |     8 |     9 |       |       |       ||    21
       Scimitar          |       |       |    11 |    33 |       |     5 ||    49
       Demon blade       |       |       |       |     2 |    37 |       ||    39
       Double sword      |       |       |       |       |    46 |    49 ||    95

Table legend:
 A = Non-vault XP
 B = Vault XP
 C = Vault XP percentage of total XP
 D = Non-vault monster count
 E = Vault monster count
 F = Vault count percentage of total count
                 A         B        C        D         E       F
            +---------+---------+-------+---------+---------+-------
      Total |  178186 |   96217 |  35.1 |     754 |     321 |  29.9
            +---------+---------+-------+---------+---------+-------
        D:1 |      41 |       0 |   0.0 |      24 |       0 |   0.0
        D:2 |      96 |      12 |  11.1 |      26 |       4 |  13.3
        D:3 |      85 |     281 |  76.8 |      21 |       1 |   4.5
        D:4 |     757 |     214 |  22.0 |      34 |       9 |  20.9
        D:5 |     389 |     282 |  42.0 |      14 |       6 |  30.0
        D:6 |     433 |      18 |   4.0 |      16 |       1 |   5.9
        D:7 |    1098 |     717 |  39.5 |      22 |       3 |  12.0
        D:8 |    3546 |    1732 |  32.8 |      33 |      18 |  35.3
        D:9 |    2330 |    2297 |  49.6 |      27 |       1 |   3.6
       D:10 |    2816 |       0 |   0.0 |      31 |       0 |   0.0
       D:11 |    3623 |    4385 |  54.8 |      36 |       5 |  12.2
       D:12 |    3294 |    1164 |  26.1 |      14 |      26 |  65.0
       D:13 |    4981 |    2780 |  35.8 |      23 |       3 |  11.5
       D:14 |   12105 |       0 |   0.0 |      41 |       0 |   0.0
       D:15 |   13660 |    2360 |  14.7 |      40 |       3 |   7.0
     Lair:1 |    6383 |    1122 |  15.0 |      17 |       5 |  22.7
     Lair:2 |    5649 |    1205 |  17.6 |      23 |       2 |   8.0
     Lair:3 |   13509 |    4268 |  24.0 |      32 |       5 |  13.5
     Lair:4 |    4534 |   14060 |  75.6 |      21 |      20 |  48.8
     Lair:5 |    4316 |       0 |   0.0 |      14 |       0 |   0.0
     Lair:6 |   16165 |    3367 |  17.2 |      31 |      18 |  36.7
    Swamp:1 |    8587 |       0 |   0.0 |      16 |       0 |   0.0
    Swamp:2 |   10735 |       0 |   0.0 |      24 |       0 |   0.0
    Swamp:3 |   15852 |       0 |   0.0 |      39 |       0 |   0.0
    Swamp:4 |    8681 |   18600 |  68.2 |      25 |      27 |  51.9
    Snake:1 |   14924 |       0 |   0.0 |      28 |       0 |   0.0
    Snake:2 |   10317 |    5143 |  33.3 |      21 |       7 |  25.0
    Snake:3 |    1174 |       0 |   0.0 |       2 |       0 |   0.0
      Orc:1 |    4357 |       0 |   0.0 |      31 |       0 |   0.0
      Orc:2 |    3749 |   17810 |  82.6 |      28 |      66 |  70.2
      Sewer |       0 |     122 | 100.0 |       0 |      19 | 100.0
    Ossuary |       0 |     106 | 100.0 |       0 |      38 | 100.0
      IceCv |       0 |    7555 | 100.0 |       0 |      23 | 100.0
    Volcano |       0 |    6617 | 100.0 |       0 |      11 | 100.0
            +---------+---------+-------+---------+---------+-------
